 Dungeon Sprint DCSS version 0.26-a0-23-g3ae7099 (webtiles) character file.

Game seed: 5749246833921779306, levelgen mode: deterministic

13300000 thirtiethelement the Conqueror (level 27, -8/249 HPs)
             Began as a Demonspawn Warper on May 26, 2020.
             Was the Champion of Makhleb.
             Mangled by a meat berserker
             ... wielding a +9 battleaxe
              (84 damage)
             ... in the Dungeon (Sprint VIII: "Arena of Blood") on May 27, 2020.
             The game lasted 00:08:30 (133 turns).

thirtiethelement the Conqueror (Demonspawn Warper)   Turns: 133, Time: 00:08:34

Health: -8/249     AC:  6    Str: 21    XL:     27
Magic:  40/54      EV: 29    Int: 18    God:    Makhleb [******]
Gold:   0          SH:  0    Dex: 13    Spells: 80/80 levels left

rFire    + + .     SeeInvis +   b - +∞ Axe of Woe
rCold    . . .     Gourm    .   (shield currently unavailable)
rNeg     . . .     Faith    .   a - +0 leather armour
rPois    .         Spirit   .   (helmet unavailable)
rElec    .         Reflect  .   (no cloak)
rCorr    .         Harm     .   (gloves unavailable)
MR       ++...     NoTele   +   (boots unavailable)
Stlth    ++++++++++             (no amulet)
HPRegen  0.51/turn              k - ring of see invisible
MPRegen  0.34/turn              l - ring of protection from fire

@: lethally poisoned (-8 -> -34), slowed, very slow
A: claws 3, hooves 3, horns 3, demonic guardian 3, fire resistance 1, hurl
damnation, nightstalker 3, flame cloud immunity
a: Hurl Damnation, Minor Destruction, Lesser Servant of Makhleb, Major
Destruction, Greater Servant of Makhleb, Renounce Religion


You were in the Dungeon.
You worshipped Makhleb.
Makhleb was exalted by your worship.
You were not hungry.

You visited 1 branch

Inventory:

Hand Weapons
 b - the +∞ Axe of Woe (weapon)
   (You found it in the Dungeon)
Missiles
 d - 5 boomerangs of dispersal (quivered)
Armour
 a - a +0 leather armour (worn)
Jewellery
 k - a ring of see invisible (left claw)
 l - a ring of protection from fire (right claw)
Scrolls
 c - 2 scrolls of blinking
Potions
 e - a potion of curing
 g - a potion of heal wounds
 h - a potion of haste
 i - 2 potions of magic
 j - a potion of berserk rage
Comestibles
 f - a ration


   Skills:
 O Level 27 Fighting
 O Level 27 Axes
 O Level 27 Throwing
 O Level 27 Armour
 O Level 27 Dodging
 O Level 27 Stealth
 O Level 27 Unarmed Combat
 O Level 27 Spellcasting
   Level 2.6 Translocations
 O Level 27 Invocations


You had 80 spell levels left.
You didn't know any spells.
Your spell library contained the following spells:

 Spells                   Type           Power        Failure   Level  Hunger
 Blink                    Tloc           N/A          1%          2    None
 Shroud of Golubria       Chrm/Tloc      ####..       1%          2    None
 Gell's Gravitas          Tloc           ####......   1%          3    None
 Lesser Beckoning         Tloc           ####......   1%          3    None
 Teleport Other           Tloc           ####....     1%          3    None
 Passage of Golubria      Tloc           N/A          4%          4    None


Dungeon Overview and Level Annotations

Branches:
Dungeon (1/1)

Altars:
Makhleb


Innate Abilities, Weirdness & Mutations

You have claws for hands.
You have hooves in place of feet.
You have a pair of large horns on your head.
A powerful demonic guardian rushes to your aid.
Your flesh is heat resistant. (rF+)
You can hurl damnation.
You are completely attuned to the shadows.
You are immune to clouds of flame.


Message History

You pulverise the meat berserker into a thin bloody mist.
You kill the meat berserker!
Makhleb accepts your kill.
You feel better.
You feel very sick.
You hear a shout! x2
The meat berserker is engulfed in blazing flames.
The meat beast growls, "Embrace thy failure, thou foppish tardy-gaited cross-patch!"
The meat berserker is engulfed in blazing flames.
The meat berserker dies!
The meat berserker is engulfed in blazing flames.
You hear a shout! x2
A tyrant comes into view.
You hear a shout!
The eight-headed meat hydra calls on the powers of darkness!
The eight-headed meat hydra convulses! x2; Your body is wracked with pain!
The meat berserker convulses!
The meat berserker is engulfed in blazing flames.
The meat berserker hits you with a +9 battleaxe!!!!
You die...

#.†..#..
......
#)).%...
......
#.).....
..#))
#%.S.....%%
. #)§
#%).)).X%%#.
...###))
#.)..#.2o...
........
#.)%.##)DDLX
#.......
#.).).#°WXoo
......#.
#....@)###X.
......#_
#....O##
......#.
#...S#O§oo
#.......
#....#§2OM
........


#...LzoOoo ...###.. .... ooSo #.. #.. .. You could see a meat beast (fast), a
tyrant, 2 eight-headed meat hydras, a scourge, a large bag of meat (inner
flame), a large abomination (summoned), a wretched soul (invisible), 2 meat
berserkers and 2 bags of meat.

Vanquished Creatures
  2 hell knights (D)
  5 hell beasts (D)
  3 greater mummies (D)
  A great orb of eyes (D)
  2 wraiths (D)
  15 vampire knights (D)
  29 ogres (D)
  9 two-headed ogres (D)
  2 liches (D)
  3 hydras (D)
  65 orcs (D)
  A phantom (D)
  3 skeletal warriors (D)
  A sea snake (D)
  A large abomination (D)
  3 small abominations (D)
145 creatures vanquished.

Vanquished Creatures (collateral kills)
  A hydra (D)
  An orc (D)
2 creatures vanquished.

Vanquished Creatures (others)
  An ogre (D)
  A two-headed ogre (D)
  An orc (D)
  3 crawling corpses (D)
6 creatures vanquished.

Grand Total: 153 creatures vanquished

Notes
Turn   | Place    | Note
-------+----------+-------------------------------------------
     0 | D        | Found the +∞ Axe of Woe
     0 | D        | thirtiethelement the Demonspawn Warper began the quest for
                  | the Orb.
     0 | D        | Reached XP level 1. HP: 16/16 MP: 3/3
     1 | D        | Noticed a bag of meat
     3 | D        | Became a worshipper of Makhleb the Destroyer
     6 | D        | Noticed a bag of meat
     6 | D        | Noticed a bag of meat
     6 | D        | Noticed a meat berserker
     6 | D        | Noticed a bag of meat
     7 | D        | Noticed a bag of meat
     7 | D        | Noticed a meat berserker
     8 | D        | Noticed a meat berserker
     8 | D        | Noticed a bag of meat
     9 | D        | Noticed a bag of meat
    10 | D        | Noticed a bag of meat
    10 | D        | Killed a bag of meat
    10 | D        | Gained mutation: A weak demonic guardian rushes to your
                  | aid. [demonic ancestry]
    10 | D        | Reached XP level 2. HP: 40/40 MP: 3/17
    10 | D        | Gained mutation: You have sharp fingernails. [demonic
                  | ancestry]
    10 | D        | Reached XP level 3. HP: 46/46 MP: 3/19
    10 | D        | Gained mutation: You have very sharp fingernails. [demonic
                  | ancestry]
    10 | D        | Reached XP level 4. HP: 53/53 MP: 3/20
    10 | D        | Reached XP level 5. HP: 59/59 MP: 3/22
    10 | D        | Gained mutation: You are slightly more attuned to the
                  | shadows. [demonic ancestry]
    10 | D        | Reached XP level 6. HP: 66/66 MP: 3/23
    10 | D        | Gained mutation: You have large cloven feet. [demonic
                  | ancestry]
    10 | D        | Reached XP level 7. HP: 72/72 MP: 3/25
    10 | D        | Gained mutation: You have hoof-like feet. [demonic
                  | ancestry]
    10 | D        | Reached XP level 8. HP: 79/79 MP: 3/26
    10 | D        | Gained mutation: You have claws for hands. [demonic
                  | ancestry]
    10 | D        | Reached XP level 9. HP: 85/85 MP: 3/27
    10 | D        | Reached XP level 10. HP: 92/92 MP: 3/28
    10 | D        | Gained mutation: A demonic guardian rushes to your aid.
                  | [demonic ancestry]
    10 | D        | Reached XP level 11. HP: 98/98 MP: 3/29
    10 | D        | Killed a bag of meat
    10 | D        | Reached * piety under Makhleb
    10 | D        | Reached skill level 15 in Fighting
    10 | D        | Reached skill level 5 in Throwing
    10 | D        | Reached skill level 5 in Armour
    10 | D        | Gained mutation: You have a pair of small horns on your
                  | head. [demonic ancestry]
    10 | D        | Reached XP level 12. HP: 110/110 MP: 3/33
    11 | D        | Killed a bag of meat
    11 | D        | Reached skill level 15 in Dodging
    11 | D        | Reached skill level 15 in Unarmed Combat
    11 | D        | Gained mutation: You have a pair of horns on your head.
                  | [demonic ancestry]
    11 | D        | Reached XP level 13. HP: 28/119 MP: 3/35
    11 | D        | Killed a meat berserker
    11 | D        | Gained mutation: You have a pair of large horns on your
                  | head. [demonic ancestry]
    11 | D        | Reached XP level 14. HP: 32/133 MP: 3/38
    11 | D        | Killed a meat berserker
    11 | D        | Reached ** piety under Makhleb
    11 | D        | Reached skill level 10 in Axes
    11 | D        | Gained mutation: Your flesh is heat resistant. (rF+)
                  | [demonic ancestry]
    11 | D        | Reached XP level 15. HP: 34/143 MP: 3/40
    12 | D        | Killed a meat berserker
    12 | D        | Reached XP level 16. HP: 95/154 MP: 3/43
    12 | D        | Noticed a meat berserker
    12 | D        | Noticed a meat berserker
    13 | D        | Reached *** piety under Makhleb
    14 | D        | Reached XP level 17. HP: 153/165 MP: 4/45
    14 | D        | Reached skill level 15 in Axes
    14 | D        | Noticed a meat berserker
    14 | D        | Noticed a meat berserker
    15 | D        | Killed a meat berserker
    15 | D        | Reached **** piety under Makhleb
    15 | D        | Reached skill level 10 in Armour
    15 | D        | Gained mutation: You have hooves in place of feet. [demonic
                  | ancestry]
    15 | D        | Reached XP level 18. HP: 180/180 MP: 5/48
    15 | D        | Killed a meat berserker
    15 | D        | Reached skill level 27 in Fighting
    15 | D        | Reached skill level 10 in Throwing
    15 | D        | Reached skill level 27 in Spellcasting
    16 | D        | Noticed a destroyer
    18 | D        | Killed a destroyer
    18 | D        | Reached ***** piety under Makhleb
    18 | D        | Reached XP level 19. HP: 169/189 MP: 6/50
    18 | D        | Reached skill level 27 in Unarmed Combat
    18 | D        | Killed a meat berserker
    18 | D        | Reached skill level 27 in Axes
    18 | D        | Reached skill level 15 in Throwing
    18 | D        | Reached skill level 27 in Dodging
    18 | D        | Gained mutation: You are significantly more attuned to the
                  | shadows. [demonic ancestry]
    18 | D        | Reached XP level 20. HP: 197/197 MP: 6/51
    19 | D        | Noticed a meat berserker
    19 | D        | Noticed a meat berserker
    19 | D        | Noticed a destroyer
    20 | D        | Killed a meat berserker
    21 | D        | Reached ****** piety under Makhleb
    21 | D        | Reached XP level 21. HP: 204/204 MP: 6/52
    21 | D        | Reached skill level 27 in Armour
    21 | D        | Noticed a destroyer
    21 | D        | Noticed a destroyer
    21 | D        | Noticed a large bag of meat
    22 | D        | Reached skill level 27 in Throwing
    24 | D        | Reached XP level 22. HP: 212/212 MP: 7/53
    24 | D        | Noticed a destroyer
    25 | D        | Reached skill level 27 in Invocations
    25 | D        | Reached skill level 27 in Stealth
    25 | D        | Killed a destroyer
    26 | D        | Gained mutation: You are immune to clouds of flame.
                  | [demonic ancestry]
    26 | D        | Reached XP level 23. HP: 219/219 MP: 8/54
    26 | D        | Killed a destroyer
    26 | D        | Noticed a destroyer
    27 | D        | Noticed a destroyer
    29 | D        | Killed a destroyer
    29 | D        | Gained mutation: A powerful demonic guardian rushes to your
                  | aid. [demonic ancestry]
    29 | D        | Reached XP level 24. HP: 227/227 MP: 9/54
    29 | D        | Killed a large bag of meat
    29 | D        | Noticed a large bag of meat
    30 | D        | Noticed a destroyer
    30 | D        | Noticed a large bag of meat
    32 | D        | Noticed a destroyer
    33 | D        | Killed a destroyer
    34 | D        | Killed a large bag of meat
    34 | D        | Gained mutation: You are completely attuned to the shadows.
                  | [demonic ancestry]
    34 | D        | Reached XP level 25. HP: 234/234 MP: 10/54
    39 | D        | Killed a destroyer
    40 | D        | Noticed a destroyer
    42 | D        | Noticed a destroyer
    43 | D        | Reached XP level 26. HP: 242/242 MP: 13/54
    43 | D        | Noticed a destroyer
    45 | D        | Killed a destroyer
    45 | D        | Killed a destroyer
    45 | D        | Noticed a destroyer
    46 | D        | Killed a destroyer
    46 | D        | Gained mutation: You can hurl damnation. [demonic ancestry]
    46 | D        | Reached XP level 27. HP: 249/249 MP: 13/54
    46 | D        | Noticed a tyrant
    48 | D        | Noticed a destroyer
    52 | D        | Killed a destroyer
    53 | D        | Killed a destroyer
    54 | D        | Noticed a tyrant
    57 | D        | Killed a destroyer
    57 | D        | Noticed a large bag of meat
    59 | D        | Killed a destroyer
    64 | D        | Noticed a large bag of meat
    65 | D        | Noticed a tyrant
    67 | D        | Killed a large bag of meat
    68 | D        | Noticed a large bag of meat
    69 | D        | Killed a large bag of meat
    70 | D        | Killed a tyrant
    70 | D        | Noticed a meat beast
    72 | D        | Killed a meat beast
    73 | D        | Killed a tyrant
    75 | D        | Noticed a destroyer
    76 | D        | Killed a large bag of meat
    76 | D        | Noticed a dread
    79 | D        | Killed a destroyer
    80 | D        | Killed a large bag of meat
    81 | D        | Killed a dread
    84 | D        | Noticed a meat beast
    85 | D        | Noticed a destroyer
    86 | D        | Killed a meat beast
    89 | D        | Noticed a meat beast
    93 | D        | Killed a destroyer
    95 | D        | Killed a large bag of meat
    96 | D        | Killed a meat beast
   100 | D        | Noticed an accursed
   101 | D        | Noticed a large bag of meat
   103 | D        | Noticed an accursed
   104 | D        | Killed an accursed
   105 | D        | Killed a large bag of meat
   111 | D        | Killed an accursed
   112 | D        | Noticed a dread
   118 | D        | Killed a dread
   121 | D        | Noticed an accursed
   122 | D        | Noticed a large bag of meat
   122 | D        | Noticed a fleshlord
   122 | D        | Noticed an accursed
   122 | D        | Noticed a tyrant
   123 | D        | Killed an accursed
   125 | D        | Noticed a fleshlord
   125 | D        | Killed a large bag of meat
   125 | D        | Noticed a meat beast
   125 | D        | Noticed a meat beast
   127 | D        | Killed a fleshlord
   127 | D        | Killed a meat beast
   127 | D        | Killed a fleshlord
   128 | D        | Killed a meat beast
   129 | D        | Noticed an accursed
   129 | D        | Noticed an accursed
   129 | D        | Noticed a large bag of meat
   129 | D        | Noticed a meat beast
   129 | D        | Noticed a meat beast
   131 | D        | Noticed a large bag of meat
   131 | D        | Killed a large bag of meat
   133 | D        | Noticed a tyrant
   133 | D        | Mangled by a meat berserker

Illustrated notes

Levels and vault maps discovered:
D:        meatsprint

Skill      XL: |  1  2  3  4  5  6  7  8  9 10 11 12 13 14 15 16 17 18 19 20 21 22 |
---------------+-------------------------------------------------------------------+-----
Fighting       | 13 15 16 19 20 22 23 26 27 | 27.0
Throwing       | 4 5 6 7 8 9 11 15 23 27 | 27.0
Armour         | 4 5 6 7 8 9 10 11 16 26 27 | 27.0
Dodging        | 12 14 15 17 18 20 21 23 25 27 | 27.0
Unarmed Combat | 12 14 15 17 18 20 21 23 26 27 | 27.0
Spellcasting   | 14 17 18 20 21 23 24 26 27 | 27.0
Axes           | 2 4 7 10 11 14 18 24 27 | 27.0
Stealth        | 19 27 | 27.0
Invocations    | 24 27 | 27.0
Translocations | |  2.6

Action                   |  1- 3 |  4- 6 |  7- 9 | 10-12 | 13-15 | 16-18 | 19-21 | 22-24 | 25-27 || total
-------------------------+-------+-------+-------+-------+-------+-------+-------+-------+-------++-------
Melee: Executioner's axe |     1 |       |       |     1 |     1 |     4 |     5 |     5 |    51 ||    68
 Stab: Distracted        |       |       |       |       |       |       |       |       |     3 ||     3
Armor: Leather armour    |       |       |       |       |       |       |       |       |     3 ||     3
Dodge: Dodged            |       |       |       |       |       |     1 |     1 |     3 |    14 ||    19

Table legend:
 A = Non-vault XP
 B = Vault XP
 C = Vault XP percentage of total XP
 D = Non-vault monster count
 E = Vault monster count
 F = Vault count percentage of total count
                 A         B        C        D         E       F
            +---------+---------+-------+---------+---------+-------
      Total | 3146264 | 1228947 |  28.1 |      75 |      73 |  49.3
            +---------+---------+-------+---------+---------+-------
          D | 3146264 | 1228947 |  28.1 |      75 |      73 |  49.3
            +---------+---------+-------+---------+---------+-------
